 Dungeon Crawl Stone Soup version 0.28-a0-563-gf77a47075d (webtiles) character file.

Game seed: 5202950091934672980

156 omnomnOMINOUS the Ducker (level 5, -8/54 HPs)
             Began as an Octopode Wanderer on Sept 29, 2021.
             Was a Believer of Wu Jian.
             Mangled by an ogre (17 damage)
             ... on level 3 of the Dungeon.
             The game lasted 00:07:09 (2920 turns).

omnomnOMINOUS the Ducker (Octopode Wanderer)        Turns: 2920, Time: 00:07:10

Health: -8/54      AC: 26    Str: 11    XL:     5   Next: 38%
Magic:  5/5        EV:  2    Int: 13    God:    Wu Jian [**....]
Gold:   115        SH:  0    Dex: 14    Spells: 4/4 levels left

rFire   . . .      SeeInvis .   a - +2 short sword (holy)
rCold   . . .      Faith    .   (no shield)
rNeg    + + +      Spirit   .   (helmet currently unavailable)
rPois   +          Reflect  .   (no amulet)
rElec   .          Harm     .   w - +4 ring of protection
rCorr   .          Rampage  .   (no ring)
Will    .....      NoTele   +   (no ring)
Stlth   ++........              (no ring)
HPRegen 0.18/turn               (no ring)
MPRegen 0.09/turn               (no ring)
                                (no ring)
                                (no ring)

@: tree-form
A: stationary, stasis, torment immunity, boosted hp, almost no armour,
(amphibious), 8 rings, (camouflage 1), (gelatinous body 1), (nimble swimmer 1),
(tentacles)
a: Renounce Religion, Wall Jump


You were on level 3 of the Dungeon.
You worshipped Wu Jian.
Wu Jian was pleased with you.
You were a tree.
You visited 1 branch of the dungeon, and saw 3 of its levels.

You collected 115 gold pieces.

Inventory:

Hand Weapons
 a - a +2 short sword of holy wrath (weapon)
 b - a +0 trident
 c - a +1 vampiric dagger
 d - a +0 quarterstaff
 j - a +0 hand axe
 u - a +2 dagger
 v - a +0 spear
Missiles
 l - 4 curare-tipped darts (quivered)
Jewellery
 w - a +4 ring of protection (left branch)
Scrolls
 m - a scroll of amnesia {unknown}
 n - a scroll of fear {unknown}
 p - a scroll of teleportation {unknown}
 q - a scroll of immolation {unknown}
 r - a scroll of enchant armour {unknown}
 t - a scroll of identify {unknown}
Potions
 e - 2 potions of berserk rage
 f - a potion of cancellation {unknown}
 h - a potion of flight {unknown}
 i - a potion of might {unknown}
 k - a potion of haste {unknown}
 o - a potion of mutation {unknown}


   Skills:
 + Level 3.1 Fighting
 - Level 2.0(2.4) Axes
 + Level 2.0(2.4) Polearms
 + Level 3.2 Dodging
 - Level 2.6 Stealth
 - Level 2.0 Shields
 - Level 2.0 Unarmed Combat


You had 4 spell levels left.
You didn't know any spells.
Your spell library was empty.

Dungeon Overview and Level Annotations

Branches:
Dungeon (3/15)

Altars:
Gozag
Wu Jian


Innate Abilities, Weirdness & Mutations

You are a tree.
Your roots penetrate the ground, keeping you stationary.
You cannot be teleported.
You are immune to unholy pain and torment.
Your maximum health is greatly increased.
You cannot wear most types of armour.
((You are amphibious.))
You can wear up to eight rings at the same time.
((Your skin changes colour to match your surroundings (Stealth+).))
((Your rubbery body absorbs attacks. (AC +1, EV +1)))
((You are camouflaged near water. (Stealth+)))
((You have tentacles for arms and can constrict up to eight enemies at once.))


Message History

Found a golden ring.
The ogre shouts!
The ball python hisses angrily.
You lunge at the ball python.
You barely miss the ball python. You grab the ball python.
You squeeze the ball python.
You kill the ball python!
The Council accepts your kill.
You see here a ball python corpse.
You puncture the kobold!
You kill the kobold!
The Council accepts your kill.
You see here a +0 whip.
You see here a ball python corpse.
There is a stone staircase leading down here.
The ogre shouts!
You hear an angry hiss.
w - a +4 ring of protection
There are no items here.
w - a +4 ring of protection (left tentacle)
You hit the ogre.
The ogre is lightly wounded.
The ogre hits you with a +0 giant spiked club!
You barely miss the ogre.
The ogre is lightly wounded.
The ogre misses you.
You barely miss the ogre.
The ogre is lightly wounded.
The ogre hits you with a +0 giant spiked club!!
Ouch! That really hurt!
* * * LOW HITPOINT WARNING * * *
Unknown command.
Okay, then.
Unknown command.
Okay, then.
Unknown command.
You feel better.
Really quaff the potion of lignification?
You turn into a tree.
Your roots penetrate the ground.
An adder comes into view.
The ogre hits you with a +0 giant spiked club!
You die...

##.......#.......#.......###
#.....#......#......#.....##
#...#..S..#.....#.....#...##
#..#....#O...#....#....#..##
##...#...#...#...#)..#...###
...#..#..#..#..#..#..#...##
##.#.#.#.#.#.#.#.#.#.#.#.###
##.##O###.##.##.##.# # . #♣#
#(###.###.## ### ####)####)#
### #.## ###


You could see an ogre and an adder (wandering).

Vanquished Creatures
  A hound (D:2)
  A gnoll (D:1)
  4 adders
  A worm (D:3)
  A dart slug (D:3)
  4 orcs (D:3)
  4 endoplasms
  A giant cockroach (D:1)
  6 goblins
  7 hobgoblins
  4 jackals (D:3)
  7 kobolds
  3 quokkas
  10 ball pythons
  10 bats
  2 frilled lizards (D:3)
  4 rats
70 creatures vanquished.

Vanquished Creatures (others)
  A fungus (D:1)
  A plant (D:1)
2 creatures vanquished.

Grand Total: 72 creatures vanquished

Notes
Turn   | Place    | Note
-------+----------+-------------------------------------------
     0 | D:1      | omnomnOMINOUS the Octopode Wanderer began the quest for the
                  | Orb.
     0 | D:1      | omnomnOMINOUS set off with the following items: a +2
                  | dagger, a potion of berserk rage, a +0 quarterstaff, a
                  | potion of lignification
     0 | D:1      | Reached XP level 1. HP: 13/13 MP: 1/1
   154 | D:1      | Reached XP level 2. HP: 19/19 MP: 2/2
   307 | D:1      | Reached XP level 3. HP: 24/24 MP: 3/3
   386 | D:1      | Found a faded altar of an unknown god.
   509 | D:1      | Became a worshipper of the Wu Jian Council
   509 | D:1      | Reached * piety under Wu Jian
   931 | D:2      | Reached skill level 1 in Polearms
   931 | D:2      | Reached XP level 4. HP: 21/30 MP: 4/4
  1215 | D:2      | Found an opulent altar of Gozag.
  1269 | D:2      | Reached ** piety under Wu Jian
  1642 | D:3      | Reached XP level 5. HP: 34/36 MP: 5/5
  2605 | D:3      | Noticed an ogre
  2918 | D:3      | HP: 1/36 [ogre (27)]
  2920 | D:3      | Mangled by an ogre

Illustrated notes

Levels and vault maps discovered:
D:1:      mrwooster_arrival_statue_2, layout_rooms, serial_forest,
          infiniplex_forest_end_2, infiniplex_forest_lined_room_,
          infiniplex_forest_lined_room_, infiniplex_forest_clump_C,
          infiniplex_forest_lined_2, infiniplex_forest_zigzag_1,
          infiniplex_forest_corner_1, infiniplex_forest_straight_5,
          infiniplex_forest_lined_ring, infiniplex_forest_straight_1,
          shapermc_ecumenical_altar_ellora, chequers_serial_rivers_micro_c,
          hangedman_decor_clover_reticule
D:2:      layout_rooms, basic_altar
D:3:      layout_rooms, serial_co_window_serial, co_window_of_opportunity_a,
          co_window_paths_a, co_window_paths_a, co_window_cross_1,
          co_window_of_opportunity_a, co_window_2corner, co_window_broadway_a,
          co_window_2corner, co_window_of_opportunity_b, co_window_corner_ca,
          co_window_of_opportunity_b, co_window_sun, glass_columns_b,
          glass_columns_b, glass_columns_b, minmay_increasing_density

Skill      XL: |  1  2  3  4  5 |
---------------+----------------+-----
Fighting       | 2 3 |  3.1
Dodging        | 2 3 |  3.2
Polearms       | 1 2 |  2.0
Axes           | |  2.0
Stealth        | |  2.6
Shields        | |  2.0
Unarmed Combat | |  2.0

Action                   |  1- 3 |  4- 6 || total
-------------------------+-------+-------++-------
Melee: Dagger            |    40 |    39 ||    79
       Constrict         |    12 |    24 ||    36
       Tentacles         |     6 |    19 ||    25
       Punch             |     1 |     1 ||     2
       Short sword       |       |    44 ||    44
Invok: Lunge             |     4 |    19 ||    23
  Use: Potion            |       |     2 ||     2
 Stab: Sleeping          |     7 |    12 ||    19
       Distracted        |       |     1 ||     1
Armor: Skin              |     1 |     7 ||     8
Dodge: Dodged            |    10 |    31 ||    41

Table legend: (Time is in decaauts)
 A = Elapsed time spent in this place.
 B = Non-inter-level travel time spent in this place.
 C = Inter-level travel time spent in this place.
 D = Time resting spent in this place.
 E = Time spent auto-exploring this place.
 F = Levels seen in this place.
 G = Mean time per level.
                   A        B        C        D        E       F      G
               +--------+--------+--------+--------+--------+-----+--------+
         Total |   2921 |   2859 |     62 |    322 |   1957 |   3 |  973.7 |
       Dungeon |   2921 |   2859 |     62 |    322 |   1957 |   3 |  973.7 |
               +--------+--------+--------+--------+--------+-----+--------+

Top non-repeatable levels by time:
     D:3: 1331 daAuts
     D:1: 910 daAuts
     D:2: 680 daAuts
